 Dungeon Crawl Stone Soup version 0.17.2-1-ge4368a0 (webtiles) character file.

2 Goblin1989 the Ducker (level 1, 0/9 HPs)
             Began as a Spriggan Transmuter on June 13, 2017.
             Slain by a kobold
             ... wielding a +0 dagger
              (4 damage)
             ... on level 1 of the Dungeon.
             The game lasted 00:00:34 (87 turns).

Goblin1989 the Ducker (Spriggan Transmuter)           Turns: 87, Time: 00:00:34

Health: 0/9        AC:  2    Str:  6    XL:     1   Next: 33%
Magic:  4/5        EV: 18    Int: 14    God:
Gold:   0          SH:  0    Dex: 16    Spells: 1 memorised, 4 levels left

rFire  . . .     SeeInvis +       - Unarmed
rCold  . . .     Clarity  .     b - +0 robe
rNeg   . . .     SustAt   .     (shield restricted)
rPois  .         Gourm    .     (helmet restricted)
rElec  .         Spirit   .     (no cloak)
rCorr  .         Warding  .     (gloves unavailable)
rMut   .         Stasis   .     (boots unavailable)
MR     .....                    (no amulet)
Stlth  +.........               (no ring)
                                (no ring)

@: appendage, very quick, not resistant to hostile enchantments, very unstealthy
A: unfitting armour, talons 3, see invisible, herbivore 3, speed 3, slow
metabolism 2
a: End Transformation


You were on level 1 of the Dungeon.
You were not hungry.
You had grown temporary talons.
You visited 1 branch of the dungeon, and saw 1 of its levels.

Inventory:

Missiles
 a - 12 arrows
Armour
 b - a +0 robe (worn)
Books
 c - a book of Changes

   Spells                             Type                      Level
   a - Beastly Appendage              Transmutation                1
   b - Sticks to Snakes               Transmutation                2
   c - Spider Form                    Transmutation/Poison         3
   d - Ice Form                       Ice/Transmutation            4
   e - Blade Hands                    Transmutation                5
Comestibles
 e - a bread ration {@e1}


   Skills:
 - Level 0.7 Fighting
 - Level 3.0 Dodging
 + Level 2.6 Unarmed Combat
 - Level 2.6 Spellcasting
 - Level 2.6 Transmutations


You had 4 spell levels left.
You knew the following spells:

 Your Spells              Type           Power        Failure   Level  Hunger
a - Beastly Appendage     Trmt           #.....       10%         1    #......


Dungeon Overview and Level Annotations

Branches:
Dungeon (1/15)

Altars:


Innate Abilities, Weirdness & Mutations

You are tiny and cannot use many weapons and most armour.
You have supernaturally acute eyesight.
You are a herbivore.
You cover ground extremely quickly.
You need consume almost no food.
You have claws for feet.


Message History

e - a bread ration Welcome, Goblin1989 the Spriggan Transmuter.
Will you be the one to retrieve the fabulous Orb of Zot from the depths?
Press ? for a list of commands and other information.
Found a staircase leading out of the dungeon.
You enter the shallow water.
Moving in this stuff is going to be slow.
You see here 14 stones.
A kobold comes into view.
The kobold shouts!
The kobold throws a stone.
The stone completely misses you.
You see here a stone.
Casting: Beastly Appendage
Confirm with . or Enter, or press ? or * to list all spells.
You grow a pair of large bovine horns.
You now have 4/5 mp.
You closely miss the kobold. The kobold misses you.
You hit the kobold.
The kobold is heavily wounded.
The kobold misses you.
You hit the kobold.
You kill the kobold!
Your transformation is almost over.
Magic restored.
A kobold comes into view.
MP restored: 5 The kobold hits you.
You take 2 damage, and have 7/9 hp.
MASSIVE DAMAGE!!
You hit the kobold.
You kill the kobold!
No target in view!
No target in view!
You start resting.
Your horns disappear.
You see here a kobold corpse.
You see here 13 poisoned needles.
A hobgoblin comes into view. It is wielding a club.
The hobgoblin shouts!
Found a stone staircase leading down.
A kobold comes into view. It is wielding a dagger.
A giant cockroach comes into view.
The kobold shouts!
You hit the hobgoblin.
The hobgoblin is moderately wounded.
The hobgoblin closely misses you.
The kobold throws a stone.
The stone barely misses you.
You hit the hobgoblin.
You kill the hobgoblin!
The kobold throws a stone.
The stone misses you.
The kobold throws a stone.
The stone closely misses you.
You see here a stone.
Casting: Beastly Appendage
Confirm with . or Enter, or press ? or * to list all spells.
Your feet morph into talons.
You now have 4/5 mp.
You completely miss the kobold. You punch the kobold.
The kobold is severely wounded.
The kobold hits you with a dagger.
* * * LOW HITPOINT WARNING * * *
You take 4 damage, and have 4/9 hp.
MASSIVE DAMAGE!!
You miss the kobold. You claw the kobold, but do no damage.
The kobold is severely wounded.
The kobold closely misses you.
You closely miss the kobold.
The kobold is severely wounded.
The kobold hits you with a dagger.
You die...

█≈≈≈≈≈≈≈≈≈≈≈≈≈█. ██ █
█≈≈≈≈≈≈≈≈≈≈≈≈≈█.█ .█.█
█≈≈≈≈≈≈≈≈≈≈≈≈≈█.█ .█.█ █
█≈≈≈≈≈≈≈≈≈≈≈≈≈█.██...█.█
█.............█........█
█.8.ΨΨΨ(ΨΨΨ.8.█..).....█
█......(......█........█
..███.███.███.███Ks......█
......█........@(.......█
█.█.█....███████.█..(....█
)..........................
█████...████████.█......>..
...[...........█.█......███
█████...██████.█.████████
.......█ █.█(█ ██.....█
█.█.█ .....█.█ █.█.█


You could see a giant cockroach and a kobold.

Vanquished Creatures
  A hobgoblin (D:1)
  2 kobolds (D:1)
3 creatures vanquished.

Notes
Turn   | Place    | Note
--------------------------------------------------------------
     0 | D:1      | Goblin1989 the Spriggan Transmuter began the quest for the Orb.
     0 | D:1      | Reached XP level 1. HP: 9/9 MP: 5/5
    87 | D:1      | Slain by a kobold

Action                   || total
-------------------------++-------
Melee: Unarmed           ||     9
 Cast: Beastly Appendage ||     2

Vault maps used:
D:1:      zaba_arrival_water
